 Dungeon Crawl Stone Soup version 0.29-a0-323-g050149af67 (webtiles) character file.

Game seed: 9643448623706725165

886 jisko22 the Gusty (level 8, 0/45 HPs)
             Began as a Tengu Air Elementalist on Apr 10, 2022.
             Was an Initiate of Vehumet.
             Killed by their own static electricity (3 damage)
             ... on level 5 of the Dungeon.
             The game lasted 00:20:44 (7828 turns).

jisko22 the Gusty (Tengu Air Elementalist)          Turns: 7828, Time: 00:20:46

Health: 0/45       AC:  5    Str: 10    XL:     8   Next: 5%
Magic:  4/14       EV: 14    Int: 17    God:    Vehumet [......]
Gold:   279        SH:  0    Dex: 14    Spells: 3/13 levels left

rFire   . . .      SeeInvis .   d - +1 spear
rCold   . . .      Faith    .   (no shield)
rNeg    . . .      Spirit   .   i - +0 leather armour
rPois   +          Reflect  .   A - +2 hat
rElec   .          Harm     .   (no cloak)
rCorr   .          Rampage  .   (no gloves)
Will    .....                   (boots unavailable)
Stlth   ++........              l - amulet of magic regeneration
HPRegen 0.15/turn               f - ring of poison resistance
MPRegen 0.54/turn               (no ring)

@: flying quickly and evasively, quick
A: beak, talons 3, nimble flight
a: Renounce Religion


You were on level 5 of the Dungeon.
You worshipped Vehumet.
Vehumet was noncommittal.
You visited 2 branches of the dungeon, and saw 6 of its levels.

You collected 279 gold pieces.

Inventory:

Hand Weapons
 c - a +0 club
 d - a +1 spear (weapon)
Missiles
 e - 183 stones
 y - a throwing net
Armour
 a - a +0 robe
 i - a +0 leather armour (worn)
 n - a +0 ring mail
 v - a +2 scale mail of cold resistance
 A - a +2 hat (worn)
Jewellery
 f - a ring of poison resistance (left hand)
 l - an amulet of magic regeneration (around neck)
 m - a +6 ring of strength
 q - an amulet of guardian spirit
 B - a ring of protection from cold
 D - a +4 ring of slaying
Scrolls
 g - a scroll of blinking {unknown}
 j - 4 scrolls of magic mapping
 r - a scroll of enchant armour
 t - a scroll of identify
 x - 2 scrolls of immolation
 C - a scroll of fog
Potions
 b - 2 potions of magic
 h - 6 potions of curing
 k - 2 potions of brilliance
 o - a potion of ambrosia {unknown}
 p - 4 potions of mutation {unknown}
 s - a potion of lignification {unknown}
 u - 2 potions of degeneration {unknown}
 w - 3 potions of might {unknown}
 z - 2 potions of flight {unknown}


   Skills:
 + Level 2.6 Fighting
 + Level 3.0 Polearms
 + Level 2.8 Armour
 - Level 2.4 Dodging
 - Level 2.1 Stealth
 + Level 3.3 Spellcasting
 * Level 6.0 Conjurations
 * Level 7.1 Air Magic


You had 3 spell levels left.
You knew the following spells:

 Your Spells              Type           Power      Damage    Failure   Level
a - Shock                 Conj/Air       100%       1d9       1%          1
b - Static Discharge      Conj/Air       25%        N/A       2%          2
c - Swiftness             Air            27%        N/A       3%          3
d - Airstrike             Air            13%        N/A       12%         4

Your spell library contained the following spells:

 Spells                   Type           Power      Damage    Failure   Level
 Stone Arrow              Conj/Erth      26%        3d8       19%         3
 Beastly Appendage        Tmut           4%         N/A       22%         1
 Sandblast                Erth           4%         2d4       22%         1
 Passwall                 Tmut/Erth      1%         N/A       32%         2
 Wereblood                Tmut           2%         N/A       32%         2
 Gell's Gravitas          Tloc           2%         N/A       54%         3
 Lesser Beckoning         Tloc           2%         N/A       54%         3
 Spider Form              Tmut/Pois      2%         N/A       54%         3
 Teleport Other           Tloc           2%         N/A       54%         3
 Hailstorm                Conj/Ice       13%        3d5       54%         4
 Ice Form                 Ice/Tmut       2%         N/A       91%         4
 Simulacrum               Ice/Necr       1%         N/A       100%        6


Dungeon Overview and Level Annotations

Branches:
Dungeon (5/15)             Temple (1/1) D:4

Altars:
Ashenzari
Cheibriados
Dithmenos
Elyvilon
Fedhas
Hepliaklqana
Kikubaaqudgha
Nemelex Xobeh
Okawaru
Qazlal
Ru
Sif Muna
Trog
Uskayaw
Vehumet
Wu Jian
Xom
Yredelemnul
Zin
The Shining One
Lugonu

Portals:
Abyss: D:1

Annotations:
D:3 exclusions: door and 1 more exclusion
D:4 Grinder
D:5 1 runed translucent door, qwertyui's ghost, amateur GrFi


Innate Abilities, Weirdness & Mutations

You have a beak for a mouth.
You have claws for feet.
Your magical nature lets you fly swiftly and evasively.


Message History

The gnoll sergeant freezes you.
Casting: Shock (safe; 1% risk of failure)
Confirm with . or Enter, or press ? or * to list all spells.
Aiming: Shock (safe; 1% risk of failure)
Press: ? - help, Shift-Dir - straight line The zap hits the gnoll sergeant.
The gnoll sergeant is moderately wounded.
The zap hits the gnoll!
You kill the gnoll!
Vehumet accepts your kill. The gnoll sergeant closely misses you.
The gnoll sergeant hits you with a +2 spear of freezing.
The gnoll sergeant freezes you.
Casting: Shock (safe; 1% risk of failure)
Confirm with . or Enter, or press ? or * to list all spells.
The gnoll sergeant is struck by an arc of lightning!
The gnoll sergeant is severely wounded.
The lightning grounds out.
The gnoll sergeant hits you with a +2 spear of freezing.
* * * LOW HITPOINT WARNING * * *
The gnoll sergeant freezes you.
* * * LOW HITPOINT WARNING * * *
Casting: Static Discharge (safe; 2% risk of failure)
Confirm with . or Enter, or press ? or * to list all spells.
The gnoll sergeant is struck by an arc of lightning.
The gnoll sergeant is almost dead.
You are struck by an arc of lightning.
* * * LOW HITPOINT WARNING * * *
The lightning grounds out.
The gnoll sergeant hits you with a +2 spear of freezing.
* * * LOW HITPOINT WARNING * * *
The gnoll sergeant freezes you.
* * * LOW HITPOINT WARNING * * *
Casting: Static Discharge (safe; 2% risk of failure)
Confirm with . or Enter, or press ? or * to list all spells.
The gnoll sergeant is struck by an arc of lightning.
You kill the gnoll sergeant!
Vehumet accepts your kill.
You are struck by an arc of lightning.
You die...

#.#.#.#.#.#.#.#.#.#.#
#.#.................#
#.###.######.........
#.###.# #########.#
#.##..# .# ##.#.#.##
.# #.#...###.##### ..
#....## ##....#
###.#.###.###@#
#.##.#.## #)# #.
##.## #)# #. #.# #$#
#. #.# #). #. #.. ..#
#. ### #). ...


There were no monsters in sight!

Vanquished Creatures
  Menkaure (D:4)
  A black bear (D:3)
  An ogre (D:4)
  A phantom (D:4)
  A kobold brigand (D:5)
  A gnoll sergeant (D:5)
  A scorpion (D:5)
  An orc priest (D:5)
  A hound (D:5)
  Terence (D:2)
  2 iguanas (D:5)
  2 orc wizards (D:5)
  5 gnolls (D:5)
  5 adders
  2 worms
  3 dart slugs
  3 orcs (D:4)
  7 bats
  8 endoplasms
  6 goblins
  10 hobgoblins
  6 jackals
  12 kobolds
  3 quokkas
  9 ball pythons
  5 frilled lizards
  9 rats
107 creatures vanquished.

Vanquished Creatures (others)
  A plant (D:3)
1 creature vanquished.

Grand Total: 108 creatures vanquished

Notes
Turn   | Place    | Note
-------+----------+-------------------------------------------
     0 | D:1      | jisko22 the Tengu Air Elementalist began the quest for the
                  | Orb.
     0 | D:1      | Reached XP level 1. HP: 10/10 MP: 4/4
    57 | D:1      | Found a one-way gate to the infinite horrors of the Abyss.
    57 | D:1      | Found a corrupted altar of Lugonu.
    57 | D:1      | Noticed a quasit
    57 | D:1      | Noticed an iron imp
    57 | D:1      | Noticed an iron imp
    57 | D:1      | Noticed a quasit
    57 | D:1      | Noticed an iron imp
    57 | D:1      | Noticed a demonic crawler
   170 | D:1      | Noticed an iron imp
   171 | D:1      | Noticed a quasit
   171 | D:1      | Noticed a quasit
   174 | D:1      | Noticed an iron imp
   431 | D:1      | Reached XP level 2. HP: 15/15 MP: 3/6
   436 | D:1      | Learned a level 2 spell: Static Discharge
  1146 | D:1      | Reached XP level 3. HP: 18/20 MP: 1/7
  1148 | D:1      | Upgraded the game from 0.29-a0-322-g68df515428 to
                  | 0.29-a0-323-g050149af67
  1763 | D:1      | Found a faded altar of an unknown god.
  2428 | D:2      | Learned a level 3 spell: Swiftness
  2428 | D:2      | Noticed Terence
  2439 | D:2      | Killed Terence
  2440 | D:2      | Reached skill level 1 in Fighting
  2440 | D:2      | Reached XP level 4. HP: 14/25 MP: 4/8
  2784 | D:2      | Reached skill level 5 in Air Magic
  2876 | D:2      | Reached skill level 1 in Polearms
  3043 | D:2      | Found a glowing silver altar of Zin.
  3238 | D:3      | Noticed a black bear
  3253 | D:3      | Reached skill level 1 in Armour
  3574 | D:3      | Gained mutation: Your magical nature lets you fly swiftly
                  | and evasively. [Tengu growth]
  3574 | D:3      | Reached XP level 5. HP: 29/29 MP: 7/9
  4210 | D:3      | Killed a black bear
  4211 | D:3      | Reached XP level 6. HP: 34/34 MP: 6/10
  4895 | D:4      | Noticed Menkaure
  4900 | D:4      | Killed Menkaure
  4901 | D:4      | Reached skill level 6 in Air Magic
  5295 | D:4      | Noticed Grinder
  5297 | D:4      | Paralysed by Grinder for 2 turns
  5302 | D:4      | Paralysed by Grinder for 5 turns
  5769 | D:4      | Reached XP level 7. HP: 12/40 MP: 7/12
  6176 | D:4      | Found a staircase to the Ecumenical Temple.
  6182 | Temple   | Entered the Ecumenical Temple
  6654 | Temple   | Became a worshipper of Vehumet
  6777 | D:4      | Learned a level 4 spell: Airstrike
  6918 | D:4      | Reached skill level 5 in Conjurations
  7213 | D:5      | Entered Level 5 of the Dungeon
  7638 | D:5      | Found a runed translucent door.
  7641 | D:5      | Noticed qwertyui's ghost (amateur GrFi)
  7741 | D:5      | Reached skill level 7 in Air Magic
  7820 | D:5      | Reached XP level 8. HP: 45/45 MP: 11/13
  7828 | D:5      | Killed from afar by themself

Illustrated notes

Levels and vault maps discovered:
D:1:      erik_arrival_cave_to_civilisation [erik_arrival_cave_to_temple],
          layout_basic, dreamdust_ecumenical_altar_hidden_monk_grotto
D:2:      layout_rooms, basic_altar, roderic_lattice_a, minmay_tromino_v2,
          uniq_terence
D:3:      layout_loops_ring, corexii_shack, minmay_divided_ellipse
D:4:      layout_gridville, minmay_temple_entry_hall,
          kennysheep_decorative_pillar, minmay_circle_x, uniq_grinder,
          uniq_menkaure
D:5:      layout_loops_ring, ebering_ghost_sewer_d, hangedman_decor_riveting
Temple:   mainiacjoe_temple_big_plus

Skill      XL: |  1  2  3  4  5  6  7  8 |
---------------+-------------------------+-----
Conjurations   | 2 3 4 5 6 |  6.0
Fighting       | 1 2 |  2.6
Air Magic      | 5 6 7 |  7.1
Polearms       | 1 2 3 |  3.0
Armour         | 1 2 |  2.8
Spellcasting   | 3 |  3.3
Dodging        | |  2.4
Stealth        | |  2.1

Action                   |  1- 3 |  4- 6 |  7- 9 || total
-------------------------+-------+-------+-------++-------
Melee: Club              |     2 |       |       ||     2
       Kick              |     4 |     1 |     1 ||     6
       Peck              |     1 |     1 |       ||     2
       Punch             |     1 |       |       ||     1
       Spear             |    11 |     6 |     3 ||    20
 Cast: Shock             |    57 |    66 |    25 ||   148
       Static Discharge  |     7 |    18 |    20 ||    45
       Swiftness         |       |       |     1 ||     1
  Use: Scroll            |       |    12 |       ||    12
       Potion            |       |     1 |       ||     1
 Stab: Sleeping          |       |     1 |       ||     1
Armor: Robe              |     2 |       |       ||     2
       Leather armour    |     2 |     2 |     6 ||    10
Dodge: Dodged            |    21 |    16 |    15 ||    52

Table legend: (Time is in decaauts)
 A = Elapsed time spent in this place.
 B = Non-inter-level travel time spent in this place.
 C = Inter-level travel time spent in this place.
 D = Time resting spent in this place.
 E = Time spent auto-exploring this place.
 F = Levels seen in this place.
 G = Mean time per level.
                   A        B        C        D        E       F      G
               +--------+--------+--------+--------+--------+-----+--------+
         Total |   7587 |   7208 |    379 |   3442 |   2781 |   6 | 1264.5 |
       Dungeon |   7125 |   6851 |    274 |   3442 |   2436 |   5 | 1425.0 |
        Temple |    461 |    357 |    104 |      0 |    344 |   1 |  461.0 |
               +--------+--------+--------+--------+--------+-----+--------+

Top non-repeatable levels by time:
     D:1: 1977 daAuts
     D:4: 1704 daAuts
     D:3: 1472 daAuts
     D:2: 1386 daAuts
     D:5: 585 daAuts
  Temple: 461 daAuts
